AoeStats
← bloodyknive

Lombardia

509762039Analyzed
3v3 RM · 5d ago on Sep 27, 2026· 85m 15s· 6 players
Game mode
Random Map
Map size
Normal (6 player)
Population
200
Speed
Normal
Resources
Standard
Victory
Conquest
Starting age
Dark Age
Ending age
Imperial Age
RankedLock teamsTeams togetherTeam positionsShared explorationLock speedFull tech treeHidden civsTurbo modeCheats
Victory
Defeat
🇹🇷 Persians · Türkiye
727
+12
🇹🇷 Franks · Türkiye
687
+13
🇲🇽 Celts · Mexico
660
+15
🇦🇷 Inca · Argentina
650
-14
🇦🇷 Vikings · Argentina
638
-14
🇦🇷 Huns · Argentina
610
-12
ELITEMARIO69
8:40 Loom
13:36 Feudal Age
21:13 Wheelbarrow
20:43 Gold Mining
20:36 Horse Collar
20:44 Double-Bit Axe
24:03 Castle Age
25:35 Bow Saw
26:43 Forging
32:53 Imperial Age
30:41 Scale Mail Armor
31:26 Stone Mining
31:39 Man-at-Arms
32:51 Chain Mail Armor
33:39 Gambesons
33:17 Long Swordsman
35:09 Hand Cart
35:20 Two-Handed Swordsman
36:43 Plate Mail Armor
36:49 Iron Casting
39:06 Gold Shaft Mining
38:53 Champion
40:46 Conscription
40:51 Caravan
43:03 Capped Ram
45:00 Stone Shaft Mining
49:24 Husbandry
49:08 Heavy Mounted Crossbowman
49:36 Elite Skirmisher
51:29 Scale Barding Armor
51:25 Padded Archer Armor
51:50 Fletching
52:20 Furor Celtica
51:37 Pikeman
53:06 Leather Archer Armor
56:27 Ring Archer Armor
55:52 Bodkin Arrow
56:48 Light Cavalry
58:55 Chemistry
59:24 Ballistics
60:08 Siege Ram
60:11 Heavy Scorpion
62:36 Blast Furnace
61:57 Chain Barding Armor
62:50 Siege Engineers
62:56 Masonry
67:08 Stronghold
66:39 Elite Woad Raider
76:13 Town Watch
76:34 Halberdier
77:05 Arson
83:09 Onager
Legolas
4:07 Loom
13:43 Feudal Age
17:46 Horse Collar
17:53 Double-Bit Axe
18:01 Stone Mining
18:06 Gold Mining
21:19 Castle Age
23:24 Caravan
23:37 Bow Saw
24:04 Wheelbarrow
23:15 Town Watch
25:42 Hand Cart
29:21 Gold Shaft Mining
29:23 Stone Shaft Mining
28:54 Heavy Plow
29:58 Town Patrol
35:22 Imperial Age
38:44 Forging
38:40 Scale Barding Armor
41:15 Conscription
40:57 Kamandaran
41:37 Coinage
41:17 Guilds
42:42 Two-Man Saw
43:08 Thumb Ring
42:23 Crossbowman
45:33 Iron Casting
45:19 Chain Barding Armor
45:00 Padded Archer Armor
44:51 Fletching
45:28 Ballistics
46:08 Chemistry
46:30 Crop Rotation
46:34 Banking
47:49 Blast Furnace
46:45 Bodkin Arrow
48:55 Plate Barding Armor
48:36 Leather Archer Armor
48:53 Elite War Elephant
50:28 Leather Archer Armor
50:14 Scale Mail Armor
52:06 Ring Archer Armor
51:52 Chain Mail Armor
63:54 Husbandry
63:14 Cavalier
64:48 Savar
66:49 Bloodlines
mulgezen
0:32 Loom
12:31 Feudal Age
13:59 Wheelbarrow
13:13 Double-Bit Axe
13:23 Gold Mining
13:24 Stone Mining
22:18 Castle Age
21:04 Forging
20:59 Scale Barding Armor
23:37 Hand Cart
23:37 Bow Saw
24:07 Gold Shaft Mining
24:13 Iron Casting
23:59 Chain Barding Armor
24:09 Husbandry
24:00 Light Cavalry
31:59 Imperial Age
31:46 Caravan
32:38 Town Watch
34:18 Blast Furnace
33:54 Plate Barding Armor
33:41 Town Patrol
36:04 Cavalier
41:39 Paladin
42:00 Paladin
44:25 Chivalry
45:05 Hoardings
44:58 Conscription
58:07 Masonry
58:08 Fortified Wall
bloodyknive
11:59 Feudal Age
15:04 Horse Collar
15:12 Double-Bit Axe
21:28 Castle Age
26:48 Gold Mining
26:48 Stone Mining
27:11 Bow Saw
27:03 Heavy Plow
33:07 Crossbowman
33:08 Elite Skirmisher
33:54 Squires
33:39 Arson
35:37 Forging
35:28 Scale Mail Armor
36:31 Caravan
37:02 Coinage
38:31 Gold Shaft Mining
38:00 Loom
38:05 Town Watch
38:46 Ballistics
39:04 Iron Casting
38:44 Chain Mail Armor
40:03 Fervor
42:27 Imperial Age
41:06 Pikeman
41:06 Man-at-Arms
41:52 Padded Archer Armor
41:43 Fletching
41:58 Scale Barding Armor
41:47 Heated Shot
41:37 Treadmill Crane
42:08 Masonry
46:42 Elite Varangian Guard
46:49 Arbalester
48:09 Elite Berserk
52:31 Bogsveigar
52:53 Conscription
52:37 Chieftains
52:03 Capped Ram
62:41 Blast Furnace
64:23 Chemistry
63:22 Murder Holes
64:00 Plate Mail Armor
63:27 Bodkin Arrow
63:48 Leather Archer Armor
63:54 Chain Barding Armor
62:57 Cavalier
73:26 Crop Rotation
74:02 Two-Man Saw
76:03 Town Patrol
79:36 Banking
83:29 Bracer
Fez
13:42 Feudal Age
15:01 Wheelbarrow
14:28 Horse Collar
14:36 Double-Bit Axe
14:44 Gold Mining
14:56 Stone Mining
16:27 Arson
23:00 Forging
22:50 Scale Mail Armor
22:55 Scale Barding Armor
22:41 Fletching
22:51 Padded Archer Armor
23:43 Bloodlines
23:37 Padded Archer Armor
29:13 Castle Age
31:21 Squires
30:41 Pikeman
30:45 Crossbowman
31:29 Husbandry
32:09 Iron Casting
31:50 Chain Mail Armor
31:55 Chain Barding Armor
31:30 Bodkin Arrow
31:50 Leather Archer Armor
31:46 Thumb Ring
32:12 Bow Saw
32:19 Caravan
33:34 Heavy Plow
35:32 Hand Cart
36:17 Gold Shaft Mining
36:39 Coinage
36:10 Elite Skirmisher
39:12 Marauders
42:07 Imperial Age
44:35 Conscription
44:37 Atheism
43:38 Elite Tarkan
44:07 Cavalier
45:54 Blast Furnace
47:50 Two-Man Saw
46:59 Halberdier
49:41 Paladin
54:54 Plate Barding Armor
54:20 Bracer
65:07 Chemistry
64:27 Ballistics
64:04 Murder Holes
64:20 Masonry
81:14 Heavy Cavalry Archer
82:19 Parthian Tactics
Fahrmut
8:49 Loom
16:11 Feudal Age
22:01 Castle Age
20:17 Champi Runner
21:13 Scale Mail Armor
21:24 Forging
23:01 Horse Collar
23:07 Double-Bit Axe
22:56 Champi Warrior
23:52 Squires
24:35 Iron Casting
24:15 Chain Mail Armor
25:27 Wheelbarrow
32:47 Arson
37:54 Imperial Age
38:28 Elite Kamayuk
39:15 Fabric Shields
39:16 Andean Sling
45:18 Elite Champi Warrior
45:21 Pikeman
50:07 Halberdier
52:35 Heavy Plow
52:46 Bow Saw
55:31 Hand Cart
55:24 Padded Archer Armor
56:11 Conscription
62:30 Blast Furnace
61:45 Chain Mail Armor
64:34 Elite Skirmisher
65:20 Thumb Ring
70:39 Fletching
71:04 Leather Archer Armor
71:20 Plate Mail Armor
73:34 Chemistry
Connection lost

Rejoining the realm…

Still unreachable

The connection could not be restored.

Session expired

The server has moved on; the page needs a fresh start.